AoeStats
← bpaquereau

Pilgrims

509017391Analyzed
4v4 RM · 8d ago on Sep 25, 2026· 61m 4s· 8 players
Game mode
Random Map
Map size
Large (8 player)
Population
200
Speed
Normal
Resources
Standard
Victory
Conquest
Starting age
Dark Age
Ending age
Imperial Age
RankedLock teamsTeams togetherTeam positionsShared explorationLock speedFull tech treeHidden civsTurbo modeCheats
Victory
Defeat
🇺🇸 Saxons · United States
1122
+17
🇺🇸 Chinese · United States
1097
+18
🇺🇸 Persians · United States
1086
+18
🇨🇳 Shu · China
1067
+19
🇨🇦 Varangians · Canada
1206
-21
🇦🇷 Japanese · Argentina
1135
-18
🇫🇷 Byzantines · France
1131
-18
🇨🇦 Khmer · Canada
1064
-15
Moron With A Gun
3:33 Loom
11:42 Feudal Age
12:24 Fishing Lines
12:38 Double-Bit Axe
17:18 Castle Age
15:28 Fletching
17:39 Crossbowman
19:23 Thumb Ring
20:13 Bodkin Arrow
25:48 Wheelbarrow
26:32 Padded Archer Armor
26:50 Hand Cart
29:28 Pikeman
35:00 Imperial Age
35:10 Scale Mail Armor
35:14 Elite Skirmisher
37:17 Arbalester
41:30 Bracer
46:04 Leather Archer Armor
47:26 Ballistics
47:48 Forging
51:56 Horse Collar
58:37 Squires
StanTheMan
12:25 Feudal Age
13:12 Loom
13:04 Man-at-Arms
21:32 Wheelbarrow
26:16 Castle Age
25:13 Double-Bit Axe
29:02 Crossbowman
29:07 Elite Skirmisher
29:57 Padded Archer Armor
31:03 Leather Archer Armor
30:48 Horse Collar
31:02 Gold Mining
31:37 Bow Saw
33:36 Fletching
35:28 Bodkin Arrow
36:10 Fishing Lines
44:31 Scale Mail Armor
46:06 Pikeman
51:57 Imperial Age
51:28 Chain Mail Armor
51:24 Forging
52:26 Capped Ram
55:02 Iron Casting
57:28 Siege Ram
InXision
10:12 Feudal Age
8:54 Loom
11:24 Double-Bit Axe
21:05 Castle Age
21:51 Medium Warships
21:34 Fletching
23:27 Wheelbarrow
25:41 Hand Cart
36:56 Scale Barding Armor
37:10 Horse Collar
41:28 Chain Barding Armor
41:19 Forging
44:05 Imperial Age
45:03 Elite War Elephant
47:43 Iron Casting
48:07 Plate Barding Armor
53:47 Blast Furnace
55:47 Bloodlines
55:37 Husbandry
57:09 Conscription
ник
12:30 Feudal Age
18:29 Castle Age
16:15 Loom
17:58 Padded Archer Armor
17:49 Fletching
18:36 Double-Bit Axe
21:08 Forging
21:04 Scale Barding Armor
21:05 Husbandry
20:26 Light Cavalry
21:16 Husbandry
21:38 Gold Mining
26:58 Elite Skirmisher
29:15 Leather Archer Armor
35:25 Chain Barding Armor
37:38 Imperial Age
35:44 Wheelbarrow
35:37 Bodkin Arrow
35:57 Leather Archer Armor
35:37 Bodkin Arrow
37:14 Gold Shaft Mining
36:30 Stone Mining
36:54 Crossbowman
37:41 Thumb Ring
39:18 Horse Collar
42:44 Chemistry
42:05 Ballistics
41:25 Treadmill Crane
41:10 Heavy Hei Guang Cavalry
42:21 Hand Cart
42:32 Squires
41:54 Light Cavalry
42:23 Arbalester
43:37 Fishing Lines
44:21 Bow Saw
45:32 Bracer
45:47 Leather Archer Armor
45:32 Bracer
45:48 Leather Archer Armor
45:33 Bracer
46:13 Coiled Serpent Array
50:10 Bolt Magazine
54:48 Conscription
54:15 Elite White Feather Guard
55:11 Coiled Serpent Array
56:21 Scale Mail Armor
56:51 Ring Archer Armor
56:57 Plate Barding Armor
56:33 Siege Engineers
59:41 Chain Mail Armor
TigerKing
7:58 Feudal Age
9:13 Double-Bit Axe
9:37 Loom
10:52 Scale Barding Armor
11:09 Forging
14:27 Bloodlines
23:52 Castle Age
25:00 Chain Barding Armor
24:30 Light Cavalry
25:52 Iron Casting
26:59 Husbandry
35:52 Bow Saw
38:59 Imperial Age
37:39 Horse Collar
38:25 Heavy Plow
41:15 Double Crossbow
42:20 Plate Barding Armor
42:29 Ballistics
42:37 Conscription
43:21 Hussar
45:05 Blast Furnace
45:10 Hoardings
46:29 Fortified Wall
47:19 Chemistry
47:06 Siege Engineers
51:39 Wheelbarrow
51:40 Scale Mail Armor
51:57 Masonry
55:48 Heavy Scorpion
WhiskWhisk
10:16 Loom
14:02 Feudal Age
18:30 Castle Age
16:52 Scale Barding Armor
16:32 Horse Collar
17:08 Double-Bit Axe
18:20 Fletching
20:14 Fishing Lines
22:16 Chain Barding Armor
28:52 Forging
36:34 Pikeman
38:01 Squires
39:01 Scale Mail Armor
40:21 Chain Mail Armor
40:42 Iron Casting
44:44 Imperial Age
43:12 Bow Saw
44:48 Bodkin Arrow
44:58 Halberdier
46:30 Plate Mail Armor
48:14 Blast Furnace
47:53 Gothikon
50:06 Elite Varangian Guard
52:34 Town Watch
55:43 Bracer
55:43 Padded Archer Armor
56:07 Elite Skirmisher
57:49 Leather Archer Armor
60:34 Ballistics
Casco7777628
11:09 Loom
13:38 Feudal Age
14:06 Double-Bit Axe
18:57 Castle Age
17:22 Fishing Lines
18:05 Fletching
18:10 Stone Mining
19:03 Town Watch
19:16 Gold Mining
19:35 Padded Archer Armor
22:12 Gillnets
22:45 Bow Saw
26:43 Horse Collar
28:34 Ballistics
28:31 Treadmill Crane
31:10 Wheelbarrow
33:49 Bodkin Arrow
34:12 Heavy Plow
34:34 Squires
34:31 Pikeman
35:52 Yasama
38:02 Husbandry
38:13 Bloodlines
39:11 Thumb Ring
40:33 Scale Mail Armor
40:45 Forging
43:22 Imperial Age
44:15 Leather Archer Armor
44:21 Bracer
44:18 Halberdier
45:59 Chain Mail Armor
46:23 Iron Casting
46:09 Hand Cart
45:55 Town Patrol
46:43 Murder Holes
47:51 Chemistry
58:24 Conscription
bpaquereau
6:50 Loom
11:52 Feudal Age
12:10 Man-at-Arms
13:00 Double-Bit Axe
15:09 Fletching
15:29 Forging
15:03 Fishing Lines
16:23 Arson
17:36 Horse Collar
21:33 Padded Archer Armor
32:12 Castle Age
32:29 Elite Skirmisher
33:37 Bodkin Arrow
35:48 Thumb Ring
39:07 Bow Saw
41:48 Wheelbarrow
44:28 Leather Archer Armor
47:34 Scale Barding Armor
48:04 Iron Casting
Connection lost

Rejoining the realm…

Still unreachable

The connection could not be restored.

Session expired

The server has moved on; the page needs a fresh start.